 Dungeon Crawl Stone Soup version 0.28.0-53-g5a82cb258f (webtiles) character file.

Game seed: 13398136208917771648

403 Metae the Skirmisher (level 6, -2/57 HPs)
             Began as a Minotaur Abyssal Knight on July 8, 2022.
             Was a Believer of Lugonu.
             Slain by Menkaure (5 damage)
             ... on level 5 of the Dungeon on July 9, 2022.
             The game lasted 00:19:53 (5552 turns).

Metae the Skirmisher (Minotaur Abyssal Knight)      Turns: 5552, Time: 00:19:58

Health: -2/57      AC:  9    Str: 19    XL:     6   Next: 55%
Magic:  8/8        EV:  7    Int:  7    God:    Lugonu [**....]
Gold:   210        SH:  0    Dex: 11    Spells: 5/5 levels left

rFire   . . .      SeeInvis .   s - +0 war axe
rCold   . . .      Faith    .   (no shield)
rNeg    . . .      Spirit   .   h - +0 chain mail
rPois   .          Reflect  .   (helmet restricted)
rElec   .          Harm     .   (no cloak)
rCorr   .          Rampage  .   f - +0 pair of gloves
Will    .....                   (no boots)
Stlth   ..........              (no amulet)
HPRegen 0.19/turn               (no ring)
MPRegen 0.11/turn               (no ring)

@: no status effects
A: horns 2, retaliatory headbutt
a: Renounce Religion, Depart the Abyss, Bend Space


You were on level 5 of the Dungeon.
You worshipped Lugonu.
Lugonu was pleased with you.
You visited 1 branch of the dungeon, and saw 5 of its levels.
You visited the Abyss 1 time.

You collected 210 gold pieces.

Inventory:

Hand Weapons
 l - a +2 dagger of draining
 o - a +0 hunting sling
 s - a +0 war axe (weapon)
 v - a +3 hand axe
Missiles
 d - 64 sling bullets
 r - 144 stones
Armour
 f - a +0 pair of gloves (worn)
 h - a +0 chain mail (worn)
Jewellery
 p - a ring of magical power
Wands
 a - a wand of acid (5)
Scrolls
 b - a scroll of noise {unknown}
 e - 2 scrolls of teleportation
 j - 2 scrolls of torment {unknown}
 m - 3 scrolls of identify {unknown}
 q - a scroll of vulnerability {unknown}
 w - a scroll of silence {unknown}
Potions
 c - 2 potions of resistance {unknown}
 g - 2 potions of degeneration {unknown}
 i - 2 potions of heal wounds
 k - a potion of haste {unknown}
 n - 3 potions of mutation {unknown}
 t - a potion of curing {unknown}
 u - a potion of brilliance {unknown}


   Skills:
 + Level 5.9 Fighting
 + Level 5.3 Axes
 - Level 2.4 Armour
 - Level 1.1 Dodging
 + Level 4.2 Invocations


You had 5 spell levels left.
You didn't know any spells.
Your spell library contained the following spells:

 Spells                   Type           Power      Damage    Failure   Level
 Animate Skeleton         Necr           0%         N/A       99%         1
 Pain                     Necr           0%         1d4       99%         1
 Blink                    Tloc           0%         N/A       100%        2
 Lesser Beckoning         Tloc           0%         N/A       100%        3
 Vampiric Draining        Necr           0%         2d6       100%        3
 Manifold Assault         Tloc           0%         N/A       100%        5


Dungeon Overview and Level Annotations

Branches:
Dungeon (5/15)             Temple (0/1) D:4

Altars:

Annotations:
D:5 Menkaure


Innate Abilities, Weirdness & Mutations

You have a pair of horns on your head.
You reflexively headbutt those who attack you in melee.


Message History

You see here a +0 helmet.
Menkaure, Prince of Dust comes into view.
Menkaure shouts!
Menkaure hits you!
You slash Menkaure! You headbutt Menkaure.
Menkaure is severely damaged.
Menkaure closely misses you.
You hit Menkaure.
Menkaure is almost destroyed.
Menkaure gestures at you while chanting.
Pain shoots through your body!
You closely miss Menkaure.
You headbutt Menkaure, but do no damage.
Your punch misses Menkaure.
Menkaure is almost destroyed.
Menkaure hits you!
You hit Menkaure but do no damage.
Menkaure is almost destroyed.
Menkaure gestures wildly while chanting.
Menkaure seems to speed up.
You hit Menkaure but do no damage.
Menkaure is almost destroyed.
Menkaure gestures at you while chanting.
Pain shoots through your body!
You barely miss Menkaure.
Menkaure is almost destroyed.
Menkaure hits you.
* * * LOW HITPOINT WARNING * * *
Menkaure hits you!
* * * LOW HITPOINT WARNING * * *
You hit Menkaure.
Menkaure is almost destroyed.
Menkaure hits you but does no damage.
You barely miss Menkaure.
Menkaure is almost destroyed.
Menkaure calls on the powers of darkness!
Your body is wracked with pain!
* * * LOW HITPOINT WARNING * * *
Menkaure hits you.
You die...

###'###.># #.#
##.#####.. #.# #.#......
#.####.#......
#......#......
########...... #......
#.....M#################
#......@................
######.#################
#. #. #. #. ##


You could see Menkaure (fast).

Vanquished Creatures
  2 scorpions (D:5)
  2 bullfrog zombies (D:5)
  Terence (D:2)
  Ijyb (D:3)
  A howler monkey skeleton (D:5)
  8 adders
  An adder zombie (D:3)
  An adder skeleton (D:4)
  A worm (D:2)
  2 dart slugs
  An orc (D:4)
  6 bats
  7 endoplasms
  4 giant cockroaches
  10 goblins
  12 hobgoblins
  5 jackals
  3 kobolds
  3 ball pythons
  2 frilled lizards (D:2)
  4 rats
77 creatures vanquished.

Notes
Turn   | Place    | Note
-------+----------+-------------------------------------------
     0 | Abyss:1  | Metae the Minotaur Abyssal Knight began the quest for the
                  | Orb.
     0 | Abyss:1  | Reached XP level 1. HP: 19/19 MP: 1/1
     0 | D:1      | Escaped the Abyss
   127 | D:1      | Reached * piety under Lugonu
   465 | D:1      | Reached XP level 2. HP: 23/27 MP: 2/2
   899 | D:1      | Found a faded altar of an unknown god.
  1697 | D:2      | Reached XP level 3. HP: 33/33 MP: 3/3
  2006 | D:2      | Noticed Terence
  2032 | D:2      | Killed Terence
  2705 | D:3      | Reached XP level 4. HP: 39/39 MP: 5/5
  2755 | D:3      | Noticed Ijyb
  2763 | D:3      | Paralysed by Ijyb for 4 turns
  2785 | D:3      | Killed Ijyb
  3901 | D:3      | Reached XP level 5. HP: 30/42 MP: 6/6
  4183 | D:4      | Reached skill level 5 in Fighting
  4267 | D:4      | Reached ** piety under Lugonu
  4492 | D:4      | Found a staircase to the Ecumenical Temple.
  5038 | D:5      | Entered Level 5 of the Dungeon
  5186 | D:5      | Reached XP level 6. HP: 38/56 MP: 7/7
  5415 | D:5      | Reached skill level 5 in Axes
  5543 | D:5      | Noticed Menkaure
  5552 | D:5      | Slain by Menkaure

Illustrated notes

Levels and vault maps discovered:
D:1:      minmay_arrival_arboretum_large, layout_basic, basic_ecumenical_altar
D:2:      layout_loops_corners, uniq_terence
D:3:      kennysheep_goblin_castle, layout_basic, grunt_ministairs_3, uniq_ijyb
D:4:      layout_basic, minmay_temple_entry_slanted
D:5:      layout_basic, uniq_menkaure, uniq_edmund, uniq_grinder

Skill      XL: |  1  2  3  4  5  6 |
---------------+-------------------+-----
Invocations    | 2 3 4 |  4.2
Fighting       | 4 5 |  5.9
Axes           | 3 4 5 |  5.3
Armour         | |  2.4
Dodging        | |  1.1

Action                   |  1- 3 |  4- 6 || total
-------------------------+-------+-------++-------
Melee: Hand axe          |    78 |    97 ||   175
       Headbutt          |     7 |    26 ||    33
       Punch             |     1 |     3 ||     4
       War axe           |       |    61 ||    61
Invok: Depart the Abyss  |     1 |       ||     1
  Use: Scroll            |       |     1 ||     1
Armor: Leather armour    |    11 |       ||    11
       Chain mail        |    33 |    93 ||   126
Dodge: Dodged            |    38 |    81 ||   119
